Map: Eternal Empire LE

Players

Liquidthermy (uThermal) - Winner!

  • Race: Terran Terran
  • Spawn Location: 1:00

SortOf

  • Race: Zerg Zerg
  • Spawn Location: 7:00

VOD

Have the link to the VOD?

Description

Time

  • Played on: April 26, 2020, 6:16 p.m.
  • Length: 13:02
Show
View Real Time Build Order
Export as new Build Order

Liquidthermy Terran - Winner!

Build Orders: Reaper Expand, Mech 

Get SALT Encoding   

  12  0:01  SCV  
  13  0:13  SCV  
  14  0:17  Supply Depot  
  14  0:25  SCV  
  15  0:39  Barracks, SCV  
  16  0:44  Refinery  
  16  0:51  SCV  
  17  1:03  SCV  
  18  1:15  SCV  
  19  1:27  Reaper, Orbital Command  
  20  1:40  Command Center  
  20  1:48  Supply Depot  
  21  1:54  SCV  
  21  1:58  Marine  
  22  2:06  SCV  
  23  2:09  Factory  
  23  2:14  Refinery  
  23  2:16  Marine  
  23  2:18  SCV  
  25  2:30  SCV  
  25  2:35  Barracks Reactor  
  26  2:42  SCV  
  27  2:53  Starport, Orbital Command  
  27  2:54  SCV  
  28  3:06  SCV  
  28  3:10  Command Center  
  29  3:18  SCV  
  31  3:20  SCV  
  31  3:23  Hellion  
  31  3:24  Hellion  
  35  3:32  Fusion Core  
  35  3:33  SCV  
  36  3:39  SCV  
  37  3:44  Hellion  
  37  3:45  Supply Depot  
  37  3:46  Hellion  
  41  3:50  SCV  
  41  3:51  SCV  
  41  3:52  Starport Tech Lab  
  44  4:02  SCV  
  44  4:03  SCV  
  44  4:07  Hellion  
  44  4:08  Hellion  
  49  4:17  SCV  
  50  4:18  SCV  
  50  4:22  Battlecruiser  
  57  4:28  Orbital Command  
  57  4:29  SCV  
  57  4:31  Hellion  
  60  4:37  Refinery x2  
  60  4:40  Hellion  
  60  4:41  SCV x2  
  64  4:45  Supply Depot  
  64  4:53  SCV  
  64  4:54  SCV x2, Supply Depot  
  64  4:57  Hellion  
  69  5:07  Hellion, SCV x2  
  74  5:14  Factory  
  74  5:15  Factory  
  74  5:19  SCV x2  
  74  5:21  Hellion  
  77  5:24  Orbital Command  
  76  5:29  Battlecruiser  
  76  5:31  SCV  
  76  5:34  Hellion  
  83  5:35  SCV  
  72  5:43  SCV  
  72  5:46  Weapon Refit  
  72  5:47  Supply Depot  
  72  5:48  SCV  
  72  5:50  SCV  
  72  5:52  Hellion  
  72  5:53  Refinery  
  72  5:55  SCV  
  76  5:57  Supply Depot  
  76  5:59  Factory Tech Lab x2  
  76  6:00  SCV  
  76  6:02  SCV  
  80  6:04  Hellion  
  80  6:08  SCV  
  81  6:11  Supply Depot  
  81  6:12  SCV  
  81  6:14  Hellion, SCV  
  85  6:19  Siege Tank x2  
  85  6:20  SCV  
  85  6:24  Refinery, SCV  
  93  6:26  SCV  
  93  6:28  Supply Depot  
  93  6:30  Supply Depot  
  93  6:32  SCV  
  95  6:36  SCV  
  95  6:38  SCV, Battlecruiser  
  103  6:42  Supply Depot  
  103  6:44  SCV  
  104  6:48  SCV  
  104  6:51  SCV  
  104  6:52  Hellion  
  104  6:53  Armory x2  
  108  6:55  Hellion  
  108  6:56  SCV  
  111  7:02  Supply Depot  
  111  7:03  Siege Tank  
  111  7:04  Engineering Bay  
  111  7:07  Siege Tank  
  117  7:12  SCV  
  118  7:23  Command Center  
  118  7:28  Hellion x2, Factory  
  122  7:31  Factory  
  122  7:36  Missile Turret  
  122  7:39  Missile Turret  
  122  7:40  Missile Turret  
  122  7:42  Terran Vehicle Weapons Level 1, Terran Vehicle And Ship Armor Level 1  
  122  7:43  Siege Tank  
  125  7:47  Missile Turret, SCV  
  129  7:51  Siege Tank  
  129  7:52  Hellion  
  129  7:55  Supply Depot  
  129  7:56  SCV  
  129  7:57  Supply Depot  
  132  7:58  Hellion  
  132  8:05  SCV  
  133  8:13  Factory Tech Lab  
  133  8:15  Factory Reactor  
  133  8:19  Infernal Pre-Igniter, Mag-Field Accelerator  
  133  8:20  Cyclone  
  133  8:23  Cyclone, SCV  
  140  8:38  Cyclone  
  139  8:45  SCV  
  139  8:46  Command Center  
  136  8:48  Command Center  
  136  8:52  Cyclone  
  136  8:55  Cyclone  
  134  8:56  SCV x2  
  134  8:57  SCV  
  134  9:02  Factory  
  137  9:04  Factory  
  137  9:05  Hellion, Factory  
  137  9:06  Hellion x2  
  137  9:08  Missile Turret, SCV, Unknown  
  144  9:10  Siege Tank  
  144  9:12  SCV x2  
  149  9:20  SCV  
  149  9:21  Planetary Fortress  
  150  9:24  Cyclone, SCV x2  
  150  9:25  Supply Depot x2  
  150  9:29  Hellion  
  150  9:30  Hellion  
  159  9:35  Supply Depot  
  159  9:37  Supply Depot  
  159  9:38  Smart Servos  
  159  9:40  Cyclone  
  159  9:43  Supply Depot  
  159  9:45  Terran Vehicle Weapons Level 2  
  162  9:51  Terran Vehicle And Ship Armor Level 2  
  162  9:52  Factory Tech Lab  
  160  9:53  Factory Tech Lab  
  160  9:55  Factory Reactor  
  160  9:57  Hellion x2  
  164  10:04  Hellion  
  164  10:05  Command Center  
  166  10:10  Sensor Tower  
  166  10:13  Sensor Tower  
  166  10:17  Orbital Command x2  
  166  10:20  Cyclone  
  169  10:23  Cyclone  
  169  10:26  Cyclone  
  175  10:29  Cyclone  
  175  10:34  Hellion x2  
  175  10:35  Cyclone  
  185  10:46  Hellion x3  
  189  10:51  Neosteel Armor  
  189  10:52  Cyclone  
  189  10:55  Command Center  
  192  11:00  Cyclone x2  
  192  11:02  Hellion  
  198  11:36  Command Center  
  198  11:39  Command Center  
  196  11:41  Cyclone  
  196  11:43  Command Center  
  196  11:45  Starport  
  196  11:46  Starport x2  
  199  11:47  Starport  
  199  11:50  Orbital Command  
  198  12:26  SCV  
  192  12:36  SCV  
  187  12:56  Refinery  
  173  12:58  Refinery  
Show
View Real Time Build Order
Export as new Build Order

SortOf Zerg 

Build Orders: Hatch First, Swarm Host 

Get SALT Encoding   

  12  0:00  Drone  
  13  0:13  Overlord  
  13  0:18  Drone  
  14  0:32  Drone x2  
  16  0:50  Hatchery  
  16  0:53  Drone  
  16  0:57  Drone  
  16  1:00  Drone  
  18  1:13  Extractor  
  18  1:15  Spawning Pool  
  16  1:18  Drone  
  16  1:21  Drone  
  18  1:28  Drone  
  19  1:39  Drone  
  20  1:54  Drone  
  21  2:03  Queen x2  
  21  2:04  Zergling x4  
  27  2:11  Overlord  
  27  2:14  Drone  
  28  2:25  Hatchery  
  27  2:34  Drone x3  
  30  2:43  Drone  
  31  2:47  Drone x2  
  33  2:58  Drone, Overlord  
  34  2:59  Queen  
  34  3:01  Metabolic Boost  
  36  3:07  Pneumatized Carapace  
  36  3:12  Overlord  
  36  3:18  Drone x3  
  39  3:22  Drone x2  
  41  3:32  Overlord  
  41  3:33  Drone  
  42  3:37  Queen  
  42  3:39  Overlord  
  44  3:43  Zergling x6  
  44  3:44  Drone  
  44  3:48  Drone  
  49  3:51  Drone  
  49  3:54  Queen  
  52  3:56  Drone  
  52  3:59  Drone  
  52  4:00  Drone  
  52  4:01  Drone  
  57  4:02  Drone  
  57  4:08  Drone x3  
  60  4:11  Drone x2  
  60  4:16  Roach Warren  
  61  4:18  Drone  
  61  4:20  Drone x2  
  61  4:22  Drone  
  61  4:23  Drone  
  66  4:29  Queen  
  68  4:34  Evolution Chamber  
  68  4:37  Lair  
  67  4:39  Extractor  
  67  4:40  Drone x3  
  67  4:42  Drone x3  
  72  4:47  Drone  
  72  4:49  Drone  
  74  4:56  Overlord, Extractor  
  74  4:57  Drone  
  74  5:03  Spore Crawler  
  74  5:04  Spore Crawler, Queen  
  74  5:05  Spore Crawler, Drone  
  74  5:06  Overlord  
  74  5:09  Overlord  
  74  5:14  Queen  
  74  5:17  Roach x2  
  74  5:18  Roach  
  74  5:28  Evolution Chamber  
  74  5:30  Roach x9  
  74  5:34  Drone x2  
  90  5:36  Drone  
  90  5:38  Drone  
  90  5:42  Drone x4  
  87  5:48  Drone x4  
  91  5:51  Drone  
  91  5:53  Drone x2  
  91  5:55  Drone  
  95  5:57  Drone  
  95  6:00  Overseer  
  95  6:03  Drone  
  97  6:12  Spire  
  97  6:13  Extractor  
  97  6:15  Drone x4  
  95  6:23  Drone  
  94  6:25  Drone x2  
  94  6:26  Drone  
  96  6:33  Overlord, Extractor x2  
  96  6:36  Drone x3  
  96  6:38  Drone x2  
  95  6:41  Hatchery  
  95  6:44  Overlord  
  95  6:45  Drone x2  
  95  6:46  Drone  
  97  6:49  Glial Reconstitution  
  97  7:04  Drone x8  
  97  7:08  Zerg Missile Weapons Level 1  
  105  7:09  Overlord  
  105  7:13  Overlord  
  105  7:15  Overlord x2  
  105  7:30  Corruptor  
  105  7:32  Hatchery  
  105  7:33  Corruptor x3  
  113  7:39  Drone  
  113  7:41  Overlord  
  113  7:42  Zerg Flyer Weapons Level 1, Corruptor  
  116  7:47  Drone x4  
  116  7:51  Infestation Pit  
  119  7:52  Baneling Nest  
  118  8:06  Corruptor  
  118  8:07  Corruptor x3  
  118  8:08  Evolution Chamber  
  118  8:12  Drone x5  
  130  8:16  Drone x4  
  130  8:19  Corruptor  
  134  8:24  Drone, Evolution Chamber  
  136  8:31  Drone x6  
  141  8:34  Unknown  
  141  8:39  Drone x3, Overlord  
  138  8:42  Overlord  
  129  8:51  Drone x3  
  125  8:57  Zerg Ground Armor Level 1, Centrifical Hooks  
  125  9:06  Zerg Melee Weapons Level 1  
  125  9:08  Drone x2  
  125  9:09  Drone  
  128  9:10  Drone x2  
  128  9:11  Drone  
  128  9:13  Drone x2  
  133  9:20  Ravager x4  
  137  9:24  Swarm Host  
  137  9:25  Swarm Host x3  
  137  9:27  Drone  
  137  9:28  Drone x2  
  152  9:35  Overseer  
  152  9:37  Swarm Host, Overlord  
  152  9:38  Swarm Host x2  
  161  9:51  Corruptor x3  
  167  9:54  Overlord  
  167  9:58  Drone x9  
  170  10:02  Zerg Flyer Weapons Level 2  
  164  10:07  Nydus Network  
  164  10:09  Zergling x8  
  167  10:16  Zergling x2  
  167  10:18  Pathogen Glands  
  167  10:20  Infestor  
  168  10:21  Swarm Host  
  168  10:22  Swarm Host  
  168  10:26  Zergling x14  
  181  10:37  Overlord  
  181  10:38  Baneling x5  
  181  10:39  Baneling x3  
  181  10:45  Nydus Canal  
  181  10:51  Overlord x2  
  181  10:53  Hive  
  181  10:59  Swarm Host x2  
  181  11:00  Overlord  
  181  11:01  Overlord  
  187  11:07  Nydus Canal  
  185  11:13  Swarm Host x3  
  194  11:27  Baneling x2, Infestor x2  
  194  11:30  Spine Crawler x2  
  194  11:32  Hatchery  
  195  11:36  Nydus Canal, Spine Crawler  
  194  11:46  Spine Crawler  
  194  11:53  Swarm Host  
  197  11:56  Hatchery  
  196  12:05  Baneling x12  
  196  12:13  Ravager x2  
  197  12:20  Hatchery  
  189  12:24  Zergling x8  
  185  12:33  Zergling x32  
Tags
 
Add a new tag
Caveats
  • Supply blocks, unpowered buildings, or Contaminate may cause inaccurate times.
  • Supply counts are checked every 10 seconds.